 Dungeon Crawl Stone Soup version 0.23-a0-556-g351818a (webtiles) character file.

38 zishaf the Chiller (level 3, -5/27 HPs)
             Began as a Merfolk Ice Elementalist on Dec 10, 2018.
             Slain by a hobgoblin
             ... wielding a +0 club
              (6 damage)
             ... on level 2 of the Dungeon.
             The game lasted 00:02:22 (1517 turns).

zishaf the Chiller (Merfolk Ice Elementalist)       Turns: 1517, Time: 00:02:22

Health: -5/27      AC:  2    Str:  9    XL:     3   Next: 43%
Magic:  6/6        EV: 14    Int: 14    God:
Gold:   40         SH:  0    Dex: 14    Spells: 3/6 levels left

rFire    . . .     SeeInvis .   g - +2 short sword (venom)
rCold    . . .     Gourm    .   (no shield)
rNeg     . . .     Faith    .   a - +0 robe
rPois    .         Spirit   .   (no helmet)
rElec    .         Reflect  .   (no cloak)
rCorr    .         Harm     .   (no gloves)
MR       .....     Rnd*Tele +   (no boots)
Stlth    ++........             b - amulet of rage
HPRegen  0.09/turn              e - ring of teleportation (curse)
MPRegen  0.10/turn              (no ring)

@: no status effects
A: change form in water, swift swim, stealthy swim
a: Evoke Berserk Rage


You were on level 2 of the Dungeon.
You were not hungry.

You visited 1 branch of the dungeon, and saw 2 of its levels.

You collected 40 gold pieces.

Inventory:

Hand Weapons
 g - a +2 short sword of venom (weapon)
Armour
 a - a +0 robe (worn)
Jewellery
 b - an amulet of rage (around neck)
 e - a cursed ring of teleportation (left hand)
Scrolls
 d - a scroll of identify {unknown}
 h - a scroll of enchant armour {unknown}
Potions
 i - 3 potions of might {unknown}
Comestibles
 c - 3 rations
 f - 2 chunks of flesh


   Skills:
 + Level 1.6 Fighting
 + Level 3.6 Dodging
 - Level 2.1 Stealth
 - Level 2.0 Spellcasting
 - Level 0.7 Conjurations
 + Level 3.9 Ice Magic


You had 3 spell levels left.
You knew the following spells:

 Your Spells              Type           Power        Failure   Level  Hunger
a - Freeze                Ice            ##..         4%          1    ##.....
b - Throw Frost           Conj/Ice       #.....       14%         2    ###....

Your spell library contained the following spells:

 Spells                   Type           Power        Failure   Level  Hunger
 Ozocubu's Armour         Chrm/Ice       #.......     32%         3    ####...
 Throw Icicle             Conj/Ice       #.......     67%         4    #####..
 Summon Ice Beast         Ice/Summ       #.......     71%         4    #####..


Dungeon Overview and Level Annotations

Branches:
Dungeon (2/15)

Altars:
Okawaru

Annotations:
D:2 2 transporters


Message History

The quokka is severely wounded.
The quokka closely misses you. The hobgoblin hits you with a +0 club.
The ball python bites you. The ball python constricts you.
You hit the quokka.
The quokka looks even sicker.
The quokka is almost dead.
The quokka bites you. The ball python barely misses you.
The ball python constricts you. The hobgoblin hits you with a +0 club.
* * * LOW HITPOINT WARNING * * *
The quokka closely misses you.
You hit the quokka.
You kill the quokka!
The ball python misses you. The ball python constricts you.
The rat barely misses you. The hobgoblin hits you with a +0 club.
* * * LOW HITPOINT WARNING * * *
The ball python barely misses you.
* * * LOW HITPOINT WARNING * * *
The ball python constricts you. The rat bites you.
* * * LOW HITPOINT WARNING * * *
You escape the ball python's grasp.
The hobgoblin hits you with a +0 club.
You die...

...##.._ #.. P.##...#.)
#... #......... ....#
#.......###.$...
###.##....#......
.................
..............##.
......†@........P
..>...g.S........♣
........r.......♣P....<.
............$....♣.P....
................P♣ .....
............$>.PP♣ ♣...
..........b......♣♣♣♣.PP
######............♣P.PP.
#..........##.....P


You could see a hobgoblin, a bat, a ball python and a rat.

Vanquished Creatures
  2 worms (D:2)
  2 leopard geckos (D:1)
  A ball python (D:2)
  A giant cockroach (D:1)
  8 goblins
  2 hobgoblins
  2 jackals (D:1)
  A quokka (D:2)
  A frilled lizard (D:2)
  4 kobolds (D:1)
  3 rats (D:1)
27 creatures vanquished.

Notes
Turn   | Place    | Note
-------+----------+-------------------------------------------
     0 | D:1      | zishaf the Merfolk Ice Elementalist began the quest for the
                  | Orb.
     0 | D:1      | Reached XP level 1. HP: 13/13 MP: 3/3
   293 | D:1      | Reached XP level 2. HP: 16/20 MP: 0/5
   297 | D:1      | Learned a level 2 spell: Throw Frost
   517 | D:1      | Reached skill level 1 in Fighting
   734 | D:1      | Reached XP level 3. HP: 26/26 MP: 6/6
  1128 | D:2      | Found a transporter.
  1134 | D:2      | HP: 1/26 [worm (9)]
  1460 | D:2      | Noticed a centaur
  1462 | D:2      | Found a transporter.
  1462 | D:2      | Noticed a water moccasin
  1465 | D:2      | Noticed an orc warrior
  1516 | D:2      | HP: 1/27 [rat (1)]
  1517 | D:2      | Found an iron altar of Okawaru.
  1517 | D:2      | Slain by a hobgoblin

Vault maps used:
D:1:      eino_arrival_cavern_b, minmay_pentomino_p4
D:2:      nicolae_overflow_crystal_walls, gammafunk_temple_overflow_arena,
          okawaru_ov_weapons_minmay, gammafunk_temple_overflow_wave,
          serial_forest, infiniplex_forest_3_way,
          infiniplex_forest_clump_diagonal, infiniplex_forest_lined_2,
          infiniplex_forest_clump_double, infiniplex_forest_clump_long,
          infiniplex_forest_clump_curved, infiniplex_forest_clump_double,
          infiniplex_forest_clump_curved, infiniplex_forest_zigzag_1

Skill      XL: |  1  2 |
---------------+-------+-----
Dodging        | 3 |  3.6
Fighting       | 1 |  1.6
Stealth        | |  2.1
Spellcasting   | |  2.0
Conjurations   | |  0.7
Ice Magic      | |  3.9

Action                   || total
-------------------------++-------
Melee: Unarmed           ||    10
       Short sword       ||    43
 Cast: Freeze            ||    13
 Stab: Sleeping          ||     6
  Eat: Ration            ||     1
Armor: Robe              ||     6
Dodge: Dodged            ||    49

Table legend:
 A = Non-vault XP
 B = Vault XP
 C = Vault XP percentage of total XP
 D = Non-vault monster count
 E = Vault monster count
 F = Vault count percentage of total count
                 A         B        C        D         E       F
            +---------+---------+-------+---------+---------+-------
      Total |      51 |       4 |   7.3 |      24 |       3 |  11.1
            +---------+---------+-------+---------+---------+-------
        D:1 |      32 |       4 |  11.1 |      17 |       3 |  15.0
        D:2 |      19 |       0 |   0.0 |       7 |       0 |   0.0
            +---------+---------+-------+---------+---------+-------
